Match 24057875
Unlisted

Match 24057875
End
Panzergrenadier Squad
Selects Italian Infantry
Panzergrenadier Squad
250 Light Carrier
Construct Light Support Kompanie
Construct Mechanized Kompanie
Selects Guastatori Squad
Guastatori Squad
2.5-tonne Medical Truck
Panzerjäger Mechanized Group
Selects Defensive Operations
Construct Panzerarmee Kommand
Armored Reserves
Selects L6/40 Light Tank Combat Group
Selects Towed Cannone da 105/28 Field Howitzer
Panzerjäger Squad
Selects Prepared Positions
Tiger Heavy Tank
Walking Stuka Rocket Launcher
Emergency Repair Kits
Selects Obice 305mm Barrage
Obice 305mm Barrage
Rapid Advance
Vehicle Survival Package
Advanced Field Repairs
Obice 305mm Barrage
Guastatori Squad
Guastatori Squad
Panzer IV Assault Group
Obice 305mm Barrage
Guastatori Squad
Guastatori Squad
Obice 305mm Barrage
Tiger Heavy Tank
Panzerpioneer Squad
gentle ben
iceman
Tony
Rasturnel
n0rmalny
MrToxic
Smasher [NL]
Hat_McFly
0
0

Comments sign in to comment!

No comments posted yet!